 Dungeon Crawl Stone Soup version 0.27.0-66-gdc8fb28755 (webtiles) character file.

Game seed: 461851148947876578

14 robertstho the Ogre Mage (level 2, -2/26 HPs)
             Began as an Ogre Hedge Wizard on Aug 19, 2021.
             Slain by a gnoll (4 damage)
             ... on level 1 of the Dungeon.
             The game lasted 00:01:00 (666 turns).

robertstho the Ogre Mage (Ogre Hedge Wizard)         Turns: 666, Time: 00:01:01

Health: -2/26      AC:  3    Str: 13    XL:     2   Next: 45%
Magic:  7/7        EV:  9    Int: 15    God:
Gold:   0          SH:  0    Dex:  8    Spells: 8/9 levels left

rFire    . . .     SeeInvis .   a - +0 dagger
rCold    . . .     Faith    .   (no shield)
rNeg     . . .     Spirit   .   b - +0 robe
rPois    .         Reflect  .   c - +0 hat
rElec    .         Harm     .   (no cloak)
rCorr    .         Rampage  .   (gloves unavailable)
Will     .....                  (boots unavailable)
Stlth    +.........             (no amulet)
HPRegen  0.08/turn              (no ring)
MPRegen  0.10/turn              (no ring)

@: no status effects
A: large, unfitting armour, tough skin 1
a: no special abilities


You were on level 1 of the Dungeon.
You visited 1 branch of the dungeon, and saw 1 of its levels.

Inventory:

Hand Weapons
 a - a +0 dagger (weapon)
Armour
 b - a +0 robe (worn)
 c - a +0 hat (worn)
Scrolls
 e - a scroll of enchant weapon {unknown}
Potions
 d - a potion of heal wounds {unknown}
 f - a potion of brilliance {unknown}


   Skills:
 * Level 0.6 Fighting
 + Level 1.8 Dodging
 + Level 1.4 Stealth
 * Level 4.2 Spellcasting
 + Level 0.8 Conjurations
 + Level 0.8 Summonings
 + Level 1.0 Translocations


You had 8 spell levels left.
You knew the following spells:

 Your Spells              Type           Power      Damage    Failure   Level
a - Magic Dart            Conj           20%        1d4       12%         1

Your spell library contained the following spells:

 Spells                   Type           Power      Damage    Failure   Level
 Blink                    Tloc           N/A        N/A       19%         2
 Call Imp                 Summ           5%         N/A       19%         2
 Slow                     Hex            3%         N/A       26%         2
 Conjure Flame            Conj/Fire      4%         6-21      41%         3
 Mephitic Cloud           Conj/Pois/Air  4%         N/A       43%         3


Dungeon Overview and Level Annotations

Branches:
Dungeon (1/15)

Altars:


Innate Abilities, Weirdness & Mutations

You are too large for most types of armour.
You have tough skin. (AC +1)


Message History

The ball python bites you but does no damage. x2
You barely miss the ball python.
The ball python is severely wounded.
The ball python bites you.
You hit the ball python.
You kill the ball python!
A goblin comes into view. It is wielding a +0 club.
The goblin shouts!
Found a stone staircase leading down.
You see here a ruby potion.
f - a ruby potion The goblin closely misses you.
You closely miss the goblin. The goblin hits you with a +0 club.
You hit the goblin.
The goblin is severely wounded.
The goblin closely misses you.
You miss the goblin.
The goblin is severely wounded.
The goblin barely misses you.
You hit the goblin.
You kill the goblin!
You see here a +0 club.
Key pressed, stopping explore.
A gnoll comes into view. It is wielding a +0 club.
The gnoll shouts!
A gnoll is nearby!
A gnoll is nearby!
A gnoll is nearby!
You hit the gnoll but do no damage. The gnoll hits you with a +0 club.
You barely miss the gnoll. The gnoll hits you with a +0 club.
You closely miss the gnoll. The gnoll hits you with a +0 club.
You barely miss the gnoll. The gnoll barely misses you.
You barely miss the gnoll. The gnoll hits you with a +0 club.
You barely miss the gnoll. The gnoll hits you with a +0 club!
You hit the gnoll but do no damage. The gnoll hits you with a +0 club!
* * * LOW HITPOINT WARNING * * *
You hit the gnoll.
The gnoll is moderately wounded.
The gnoll hits you with a +0 club.
You die...

#.# #.. #.. #.#
#.######. #.#
#........ #.#
#g.......
##.#######@.......
#.................
##.##.###.........
#.##.###.........
#..........>.....
#....###.........
#.######.........
#.# #..........
##.#####.........


You could see a gnoll.

Vanquished Creatures
  4 goblins (D:1)
  A hobgoblin (D:1)
  2 jackals (D:1)
  A kobold (D:1)
  3 ball pythons (D:1)
  A frilled lizard (D:1)
12 creatures vanquished.

Notes
Turn   | Place    | Note
-------+----------+-------------------------------------------
     0 | D:1      | robertstho the Ogre Hedge Wizard began the quest for the
                  | Orb.
     0 | D:1      | Reached XP level 1. HP: 16/16 MP: 5/5
   172 | D:1      | Reached skill level 4 in Spellcasting
   172 | D:1      | Reached XP level 2. HP: 22/26 MP: 7/7
   256 | D:1      | Reached skill level 1 in Translocations
   666 | D:1      | Slain by a gnoll

Illustrated notes

Levels and vault maps discovered:
D:1:      amcnicky_arrival_blooded_trapdoor, layout_basic, minmay_bisected

Skill      XL: |  1  2 |
---------------+-------+-----
Spellcasting   | 4 |  4.2
Translocations | 1 |  1.0
Fighting       | |  0.6
Dodging        | |  1.8
Stealth        | |  1.4
Conjurations   | |  0.8
Summonings     | |  0.8

Action                   || total
-------------------------++-------
Melee: Dagger            ||    76
 Cast: Magic Dart        ||     9
Armor: Robe              ||    22
Dodge: Dodged            ||    46
